[Event "Titled Tuesday Blitz December 27 Late 2022"]
[White "marik_spb"]
[Black "Poltorak, Sebastian"]
[BlackFideId "1199498"]
[WhiteElo "2448"]
[BlackElo "2354"]
[Result "0-1"]
[Round "08"]
[TimeControl "180+2"]
[Date "2022.12.27"]
[WhiteClock "0:00:03"]
[BlackClock "0:01:37"]

1. d4 Nf6 2. c4 e6 3. g3 Bb4+ 4. Bd2 Qe7 5. Bg2 Bxd2+ 6. Nxd2 d6 7. Ngf3 e5 8. O-O O-O 9. e3 Nc6 10. Rc1 Bg4 11. Qb3 Rab8 12. c5 e4 13. cxd6 cxd6 14. Ne1 Be2 15. d5 Ne5 16. Nxe4 Nxe4 17. Bxe4 Bxf1 18. Kxf1 Rfc8 19. Rc2 Rc7 20. Rxc7 Qxc7 21. Nd3 Nxd3 22. Qxd3 g6 23. Qd4 b6 24. h4 Re8 25. h5 Qe7 26. Bf3 Rc8 27. Kg2 Qe5 28. Qxe5 dxe5 29. Be4 f5 30. Bd3 e4 31. Bb5 Rc2 32. d6 Kf8 33. hxg6 hxg6 34. g4 Rxb2 35. a4 Rd2 36. d7 Ke7 37. Kg3 Rxd7 38. Bxd7 Kxd7 39. Kf4 Ke6 40. Kg5 fxg4 41. Kxg6 a6 42. Kg5 b5 43. axb5 axb5 44. Kf4 Kd5 45. Kxg4 b4 46. f3 b3 47. Kf4 b2 48. fxe4+ Ke6 0-1


[Site "https://www.chess.com"]

[Event "Titled Tuesday Blitz December 27 Late 2022"]
[White "reevecanada"]
[Black "Potapova, Margarita"]
[BlackFideId "14126869"]
[WhiteElo "2430"]
[BlackElo "2104"]
[Result "1-0"]
[Round "08"]
[TimeControl "180+2"]
[Date "2022.12.27"]
[WhiteClock "0:00:44"]
[BlackClock "0:00:10"]

1. e4 c5 2. Nf3 d6 3. Bb5+ Nd7 4. O-O a6 5. Bxd7+ Bxd7 6. Re1 e5 7. c3 Nf6 8. d4 Qc7 9. Bg5 Be7 10. Nbd2 h6 11. Bxf6 Bxf6 12. Rc1 O-O 13. Nc4 Rad8 14. Ne3 Bc6 15. d5 Bd7 16. h3 b5 17. Qd2 c4 18. Ng4 Be7 19. Nxh6+ gxh6 20. Qxh6 f6 21. Qg6+ Kh8 22. Re3 f5 23. Ng5 Bxg5 24. Rg3 Be8 25. Qxg5 Bc6 26. dxc6 Qh7 27. exf5 Rc8 28. f6 Rxc6 29. Qg7+ 1-0


[Site "https://www.chess.com"]

[Event "Titled Tuesday Blitz December 27 Late 2022"]
[White "Ai, Evan"]
[Black "Silva, Miguel Antonio Neto"]
[WhiteFideId "2094770"]
[BlackFideId "1911929"]
[WhiteElo "2055"]
[BlackElo "2204"]
[Result "1-0"]
[Round "09"]
[TimeControl "180+2"]
[Date "2022.12.27"]
[WhiteClock "0:00:21"]
[BlackClock "0:00:28"]

1. e4 e6 2. d4 d5 3. Nd2 c5 4. exd5 Qxd5 5. Ngf3 cxd4 6. Bc4 Qd7 7. O-O Nc6 8. Nb3 Nf6 9. Nbxd4 Nxd4 10. Nxd4 a6 11. a4 Be7 12. b3 O-O 13. Bb2 Qc7 14. Qe2 Bd7 15. Nf3 b5 16. axb5 axb5 17. Bd3 Bc6 18. Ne5 Rxa1 19. Rxa1 Ra8 20. Rxa8+ Bxa8 21. Bxb5 Bd6 22. Bc4 Nd5 23. Nd3 Bxh2+ 24. Kf1 Bd6 25. Qg4 Bf8 26. Ne5 Nf6 27. Qh3 Bd6 28. Nxf7 Kxf7 29. Qxe6+ Kf8 30. Bxf6 gxf6 31. Qg8+ Ke7 32. Qxa8 Bc5 33. Qe4+ Kd8 34. Qd5+ Kc8 35. Bd3 Kb8 36. Qg8+ Ka7 37. Qxh7 Be7 38. Qe4 Bc5 39. Qa4+ Kb8 40. Be4 Qe5 41. Qa8+ Kc7 42. Qc6+ Kd8 43. Qd5+ Qxd5 44. Bxd5 Ke7 45. f3 Kd6 46. Be4 Ke5 47. Ke2 f5 48. Bd3 Kf4 49. c3 Ke5 50. b4 Bb6 51. Bc2 f4 52. Kd3 Bf2 53. c4 Kd6 54. Ke4 Be1 55. Kxf4 Bxb4 56. Ke4 Bd2 57. Bd3 Kc5 58. f4 Bc3 59. g4 Bf6 60. g5 1-0


[Site "https://www.chess.com"]

[Event "Titled Tuesday Blitz December 27 Late 2022"]
[White "Andreev, Eduard"]
[Black "marik_spb"]
[WhiteFideId "14103400"]
[WhiteElo "2413"]
[BlackElo "2448"]
[Result "1-0"]
[Round "09"]
[TimeControl "180+2"]
[Date "2022.12.27"]
[WhiteClock "0:00:11"]
[BlackClock "0:00:01"]

1. Nf3 Nf6 2. g3 d5 3. Bg2 b6 4. O-O Bb7 5. d4 Nbd7 6. c4 e6 7. cxd5 exd5 8. Nc3 a6 9. Ne5 Bd6 10. Bf4 O-O 11. Rc1 Rc8 12. Qb3 Bxe5 13. dxe5 Nc5 14. Qc2 Nfe4 15. Rfd1 Nxc3 16. Qxc3 Qe7 17. b4 Ne4 18. Qb2 Rfd8 19. h4 g5 20. hxg5 Nxg5 21. e6 Nxe6 22. Be5 c5 23. Bf6 Qc7 24. Bxd8 Rxd8 25. bxc5 bxc5 26. Qf6 d4 27. Bxb7 Qxb7 28. Rxc5 Rd5 29. Rxd5 Qxd5 30. a3 h5 31. Rc1 Kh7 32. Rc8 Ng7 33. Qf4 d3 34. exd3 Qxd3 35. Rc5 Qd1+ 36. Kg2 Qe2 37. Qxf7 Qe4+ 38. Qf3 Qe6 39. Rc3 Qg6 40. Qd3 Nf5 41. Qe4 1-0


[Site "https://www.chess.com"]

[Event "Titled Tuesday Blitz December 27 Late 2022"]
[White "Arencibia Monduy, Antonio"]
[Black "Fiorito, Joaquin"]
[WhiteFideId "3507939"]
[BlackFideId "180173"]
[WhiteElo "2122"]
[BlackElo "2405"]
[Result "1-0"]
[Round "09"]
[TimeControl "180+2"]
[Date "2022.12.27"]
[WhiteClock "0:00:09"]
[BlackClock "0:00:04"]

1. c4 c6 2. e3 d5 3. cxd5 cxd5 4. Nf3 Nc6 5. d4 Nf6 6. Bd3 Bg4 7. h3 Bh5 8. O-O e6 9. Be2 Bd6 10. Nc3 O-O 11. a3 Rc8 12. Bd2 a6 13. b4 Bg6 14. Nh4 Be4 15. Nf3 Ne7 16. Rc1 b5 17. Ne1 Bg6 18. Bd3 e5 19. Bxg6 Nxg6 20. Nd3 e4 21. Nc5 Bxc5 22. bxc5 Qd7 23. Qe2 Rfe8 24. Rb1 Rb8 25. Rb2 Nh4 26. Kh1 Nf3 27. Qd1 Qf5 28. Ne2 Nh4 29. Ng3 Qe6 30. Ba5 g5 31. Bc7 Rbc8 32. Be5 Nd7 33. Bd6 h6 34. a4 Nf3 35. gxf3 Qxh3+ 36. Kg1 exf3 37. Qxf3 Re4 38. Qg2 Qe6 39. Nxe4 dxe4 40. axb5 axb5 41. Rxb5 Nf6 42. Rb6 Nd5 43. Ra6 Nc3 44. Re1 Qc4 45. Ra7 Re8 46. Re7 Rd8 47. Kh2 Qd5 48. Qg3 Nb5 49. Qe5 Qa2 50. Re8+ Rxe8 51. Qxe8+ Kg7 52. Qe5+ f6 53. Qe7+ Kg6 54. Qe8+ Kf5 55. Kg2 Nc3 56. Qd7+ Kg6 57. Qe8+ Kf5 58. Qc8+ Kg6 59. Qh3 Nd5 60. Qg3 h5 61. c6 Qc2 62. c7 h4 63. Qh3 Nb6 64. c8=Q Nxc8 65. Qe6 Qc6 66. Qg8+ Kf5 67. Bc5 h3+ 68. Kxh3 Nd6 69. Bxd6 Qxd6 70. Qh7+ Ke6 71. Kg2 Qd5 72. Qg8+ Kd6 73. Qxd5+ Kxd5 74. Rc1 1-0


[Site "https://www.chess.com"]

[Event "Titled Tuesday Blitz December 27 Late 2022"]
[White "Arnold, Ken"]
[Black "Sanchez, Robert"]
[WhiteFideId "2056836"]
[BlackFideId "2034360"]
[WhiteElo "2355"]
[BlackElo "1966"]
[Result "0-1"]
[Round "09"]
[TimeControl "180+2"]
[Date "2022.12.27"]
[WhiteClock "0:00:22"]
[BlackClock "0:00:21"]

1. d4 Nf6 2. c4 e6 3. Nf3 Bb4+ 4. Nbd2 b6 5. e3 O-O 6. Bd3 Be7 7. O-O Bb7 8. Re1 d5 9. cxd5 exd5 10. Qc2 c5 11. b3 Nc6 12. a3 Rc8 13. Bf5 Rc7 14. Qa2 cxd4 15. exd4 Bd6 16. Nf1 Ne4 17. Be3 g6 18. Bh3 f5 19. Bh6 Rff7 20. b4 Qf6 21. Ng3 Nxd4 22. Nxd4 Qxd4 23. Rad1 Qf6 24. f3 Nc3 25. Re8+ Bf8 26. Qd2 Nxd1 27. Qxd1 Rce7 28. Rb8 Qd6 29. Rxf8+ Rxf8 30. Bxf8 Kxf8 31. Qd2 Qe5 32. Nf1 Ba6 33. Qh6+ Qg7 34. Qf4 Bxf1 35. Kxf1 Qa1+ 36. Kf2 Qb2+ 37. Kg3 Qe5 0-1


[Site "https://www.chess.com"]

[Event "Titled Tuesday Blitz December 27 Late 2022"]
[White "Avila Pavas, Santiago"]
[Black "Gerbelli Neto, Eduardo"]
[WhiteFideId "4437128"]
[BlackFideId "2103281"]
[WhiteElo "2522"]
[BlackElo "2114"]
[Result "1-0"]
[Round "09"]
[TimeControl "180+2"]
[Date "2022.12.27"]
[WhiteClock "0:01:23"]
[BlackClock "0:00:05"]

1. d4 d5 2. Bf4 Nf6 3. e3 Bf5 4. Nf3 e6 5. c4 Bxb1 6. Qxb1 Bb4+ 7. Kd1 Ne4 8. Bg3 dxc4 9. Bxc4 Nxg3 10. hxg3 h6 11. Ke2 Nd7 12. Qe4 c6 13. a3 Nf6 14. Qd3 Be7 15. Ne5 Nd5 16. Rac1 Bf6 17. Nf3 O-O 18. Ba2 Re8 19. Bb1 Kf8 20. e4 Nb6 21. e5 Bg5 22. Rc5 Nd7 23. Rc3 Qb6 24. Rb3 Qa6 25. Qxa6 bxa6 26. Be4 Rab8 27. Rxb8 Rxb8 28. b4 Rb6 29. Nxg5 hxg5 30. Rh8+ Ke7 31. Rc8 a5 32. bxa5 Ra6 33. Bxc6 Nf8 34. Re8# 1-0


[Site "https://www.chess.com"]

[Event "Titled Tuesday Blitz December 27 Late 2022"]
[White "Bach, Matthias"]
[Black "Adewumi, Tanitoluwa"]
[WhiteFideId "4603168"]
[BlackFideId "30966396"]
[WhiteElo "2214"]
[BlackElo "2283"]
[Result "0-1"]
[Round "09"]
[TimeControl "180+2"]
[Date "2022.12.27"]
[WhiteClock "0:00:58"]
[BlackClock "0:00:04"]

1. d4 Nf6 2. c4 e6 3. Nc3 Bb4 4. Bg5 c5 5. d5 O-O 6. e3 d6 7. Bd3 e5 8. Nf3 h6 9. Bxf6 Qxf6 10. O-O Qe7 11. Nd2 f5 12. e4 f4 13. Be2 Nd7 14. Bg4 Bxc3 15. bxc3 Nf6 16. Bxc8 Raxc8 17. f3 Nh7 18. a4 Rf6 19. a5 Rg6 20. Kh1 Qh4 21. Qe1 Qh5 22. Qf2 Rf8 23. Rab1 Rf7 24. Rb2 Rg3 25. Rfb1 Ng5 26. Rxb7 Rxb7 27. Rxb7 Kh7 28. Rxa7 Qh4 29. Nf1 Rxf3 30. Qg1 Rxc3 31. Rd7 Nxe4 32. a6 Nf2+ 0-1


[Site "https://www.chess.com"]

[Event "Titled Tuesday Blitz December 27 Late 2022"]
[White "Balague Camps, Marc"]
[Black "Clawitter, Craig"]
[WhiteFideId "2297914"]
[BlackFideId "2023105"]
[WhiteElo "2190"]
[BlackElo "2050"]
[Result "1-0"]
[Round "09"]
[TimeControl "180+2"]
[Date "2022.12.27"]
[WhiteClock "0:01:15"]
[BlackClock "0:00:01"]

1. d4 e6 2. c4 Nf6 3. Nc3 d5 4. cxd5 exd5 5. Bg5 c6 6. e3 Be7 7. Bd3 O-O 8. h3 Re8 9. Nf3 Nbd7 10. O-O Nf8 11. Ne5 N6d7 12. Bxe7 Qxe7 13. Nf3 Nf6 14. Qc2 g6 15. a3 Ne6 16. b4 a6 17. Rab1 Ng7 18. a4 Bf5 19. Rfc1 Bxd3 20. Qxd3 Nf5 21. b5 axb5 22. axb5 Nd6 23. bxc6 bxc6 24. Rb6 Qc7 25. Nxd5 Nxd5 26. Rcxc6 Qxb6 27. Rxb6 Nxb6 28. Ne5 Rec8 29. g4 Nbc4 30. Nd7 Kg7 31. g5 Ra3 32. Qe2 Rca8 33. Qf3 Ra1+ 34. Kg2 Nf5 35. Qc6 R1a6 36. Qxc4 Ra2 37. Qc6 R8a6 38. Nb6 Rb2 39. Qf6+ Kg8 40. Qd8+ Kg7 41. Nd7 1-0


[Site "https://www.chess.com"]

[Event "Titled Tuesday Blitz December 27 Late 2022"]
[White "Bjelobrk, Igor"]
[Black "Fernandez, Maria Florencia"]
[WhiteFideId "4300726"]
[BlackFideId "116459"]
[WhiteElo "2403"]
[BlackElo "2129"]
[Result "1-0"]
[Round "09"]
[TimeControl "180+2"]
[Date "2022.12.27"]
[WhiteClock "0:00:06"]
[BlackClock "0:00:01"]

1. Nf3 Nf6 2. c4 g6 3. Nc3 Bg7 4. e4 d6 5. d4 O-O 6. h3 e5 7. d5 Na6 8. Be3 Nc5 9. Nd2 a5 10. g4 c6 11. Be2 cxd5 12. cxd5 Bd7 13. g5 Ne8 14. h4 Nc7 15. Nc4 Be8 16. Nb6 Rb8 17. h5 N7a6 18. Nc4 b5 19. Nd2 b4 20. Ncb1 Ba4 21. b3 Bd7 22. Bc4 Nc7 23. hxg6 fxg6 24. Bxc5 dxc5 25. d6+ Ne6 26. Qg4 Re8 27. Qh3 Qxg5 28. Nf3 Qf4 29. Qxh7+ Kf7 30. Rg1 Qxe4+ 31. Kf1 Qxf3 32. Qxg6+ Kf8 33. Nd2 Qf6 34. Qh7 Rb6 35. Ne4 Qh6 36. Qf5+ Kg8 37. Nf6+ Kh8 38. Nxd7 1-0


[Site "https://www.chess.com"]

[Event "Titled Tuesday Blitz December 27 Late 2022"]
[White "Bochnicka, Vladimir"]
[Black "Prieto Aranguren, Alain"]
[WhiteFideId "14943450"]
[BlackFideId "2268906"]
[WhiteElo "2327"]
[BlackElo "2258"]
[Result "0-1"]
[Round "09"]
[TimeControl "180+2"]
[Date "2022.12.27"]
[WhiteClock "0:00:09"]
[BlackClock "0:01:24"]

1. e4 c6 2. d4 d5 3. e5 Be6 4. Bd3 Qc8 5. c3 Bf5 6. Nf3 Bxd3 7. Qxd3 Nh6 8. O-O Qf5 9. Qe2 e6 10. Nbd2 Nd7 11. Re1 Be7 12. Nf1 g5 13. h3 Qg6 14. N3h2 Nf5 15. Ne3 h5 16. Nxf5 Qxf5 17. b4 O-O-O 18. a4 Rdg8 19. b5 c5 20. dxc5 g4 21. c6 Nc5 22. cxb7+ Kb8 23. b6 axb6 24. a5 gxh3 25. g3 h4 26. axb6 hxg3 27. Ra8+ Kxb7 28. Rxg8 gxh2+ 29. Kxh2 Rxg8 30. Qa2 Na6 31. Be3 Qf3 32. Qxa6+ Kxa6 33. Ra1+ Kb5 34. Rb1+ Kc4 0-1


[Site "https://www.chess.com"]

[Event "Titled Tuesday Blitz December 27 Late 2022"]
[White "Bok, Benjamin"]
[Black "Domingo Nunez, Ruben"]
[WhiteFideId "1017063"]
[BlackFideId "22245570"]
[WhiteElo "2607"]
[BlackElo "2416"]
[Result "1-0"]
[Round "09"]
[TimeControl "180+2"]
[Date "2022.12.27"]
[WhiteClock "0:01:35"]
[BlackClock "0:02:25"]

1. d4 g6 2. e4 Bg7 3. Nf3 c6 4. Be2 d5 5. e5 f6 6. O-O Bg4 7. Nbd2 fxe5 8. Nxe5 Bxe2 9. Qxe2 Nd7 10. Ndf3 Ngf6 11. Ng5 Qb6 12. Nef7 Rf8 13. Nd6+ Kd8 14. Ne6# 1-0


[Site "https://www.chess.com"]

[Event "Titled Tuesday Blitz December 27 Late 2022"]
[White "Bortnyk, Olexandr"]
[Black "Theodorou, Nikolas"]
[WhiteFideId "14120828"]
[BlackFideId "4262875"]
[WhiteElo "2605"]
[BlackElo "2591"]
[Result "1-0"]
[Round "09"]
[TimeControl "180+2"]
[Date "2022.12.27"]
[WhiteClock "0:00:04"]
[BlackClock "0:00:01"]

1. e4 c5 2. c3 e5 3. Nf3 Nc6 4. Bc4 Nf6 5. Ng5 d5 6. exd5 Nxd5 7. d4 cxd4 8. Qf3 Be6 9. Nxe6 fxe6 10. O-O Qd7 11. Nd2 Qf7 12. Re1 Be7 13. Qxf7+ Kxf7 14. Nf3 Bf6 15. Bd2 Rad8 16. Re4 a6 17. Rae1 Rhe8 18. h4 h5 19. Bb3 b5 20. c4 bxc4 21. Bxc4 Ra8 22. a3 Rec8 23. Bd3 a5 24. Bb5 Rab8 25. a4 Nde7 26. g3 g6 27. Kg2 Nf5 28. Bg5 Bg7 29. R4e2 Nd6 30. Bxc6 Rxc6 31. Rxe5 Nc4 32. Rb5 Rxb5 33. axb5 Rb6 34. Rc1 Nxb2 35. Rc7+ Kg8 36. Rc8+ Kf7 37. Rc7+ Kg8 38. Rc8+ Kf7 39. Bd8 Rxb5 40. Ng5+ Ke8 41. Bxa5+ Kd7 42. Rc7+ Kd6 43. Rxg7 Rxa5 44. Rxg6 Kd7 45. Nxe6 1-0


[Site "https://www.chess.com"]

[Event "Titled Tuesday Blitz December 27 Late 2022"]
[White "Curtis, John"]
[Black "Carbone, Diego"]
[WhiteFideId "3200256"]
[BlackFideId "3002179"]
[WhiteElo "2292"]
[BlackElo "2336"]
[Result "1/2-1/2"]
[Round "09"]
[TimeControl "180+2"]
[Date "2022.12.27"]
[WhiteClock "0:00:14"]
[BlackClock "0:00:21"]

1. e4 e5 2. Nf3 Nc6 3. Bc4 Bc5 4. O-O Nf6 5. Nc3 d6 6. d3 h6 7. Be3 Bb6 8. Nd5 Nxd5 9. exd5 Ne7 10. Bb5+ c6 11. dxc6 bxc6 12. Bc4 d5 13. Bxb6 axb6 14. Bb3 f6 15. d4 e4 16. Nd2 f5 17. Qh5+ g6 18. Qh4 Be6 19. Qf6 Kd7 20. c4 Qf8 21. Qe5 Qb8 22. cxd5 cxd5 23. Qxb8 Rhxb8 24. f4 Nc6 25. Rfd1 Nxd4 26. Nf1 Nxb3 27. axb3 Rxa1 28. Rxa1 d4 29. Ra4 d3 30. Ra7+ Kd6 31. Rg7 Bxb3 32. Rxg6+ Kc5 33. Kf2 Ra8 34. Rf6 Ra2 35. Rxf5+ Kd4 36. Rf8 e3+ 37. Nxe3 Rxb2+ 38. Kf3 Re2 39. Rd8+ Kc3 40. f5 1/2-1/2


[Site "https://www.chess.com"]

[Event "Titled Tuesday Blitz December 27 Late 2022"]
[White "Defend, Balint"]
[Black "Samsonkin, Artiom"]
[WhiteFideId "17004853"]
[BlackFideId "13503111"]
[WhiteElo "1673"]
[BlackElo "2420"]
[Result "1-0"]
[Round "09"]
[TimeControl "180+2"]
[Date "2022.12.27"]
[WhiteClock "0:01:41"]
[BlackClock "0:00:04"]

1. e4 c5 2. Nf3 d6 3. c3 Nf6 4. h3 Nc6 5. Bd3 d5 6. e5 Nd7 7. Bb5 Qb6 8. Bxc6 Qxc6 9. d4 e6 10. O-O b6 11. a4 h6 12. Re1 Be7 13. Nbd2 O-O 14. Nf1 f6 15. exf6 Bxf6 16. N1h2 Bd8 17. Ng4 Bc7 18. Nge5 Nxe5 19. Nxe5 Qe8 20. Qg4 Kh7 21. Bf4 Rf5 22. Bg3 Ba6 23. Nf3 Bxg3 24. Qxg3 Rf6 25. Ne5 cxd4 26. cxd4 Rc8 27. Rac1 Rxc1 28. Rxc1 Bc4 29. b3 Be2 30. Rc7 Qg8 31. f3 Bd1 32. Qe1 Qd8 33. Rc6 Bxb3 34. Qb1+ Rf5 35. Qxb3 Qg5 36. Qc3 Rf4 37. Qc2+ Rf5 38. Qd3 1-0


[Site "https://www.chess.com"]

[Event "Titled Tuesday Blitz December 27 Late 2022"]
[White "Della Corte, Alessandro"]
[Black "Finkelstein, Alan"]
[WhiteFideId "813540"]
[BlackFideId "30950961"]
[WhiteElo "2160"]
[BlackElo "2152"]
[Result "1-0"]
[Round "09"]
[TimeControl "180+2"]
[Date "2022.12.27"]
[WhiteClock "0:00:32"]
[BlackClock "0:00:01"]

1. d4 d5 2. Nf3 Nf6 3. c4 c6 4. Nc3 dxc4 5. b3 cxb3 6. Qxb3 e6 7. e4 Be7 8. Bd3 O-O 9. O-O c5 10. e5 Nd5 11. Nxd5 exd5 12. dxc5 Nc6 13. Bb2 Bg4 14. Nd4 Nxe5 15. Rfe1 Nxd3 16. Qxd3 Bxc5 17. Qg3 h5 18. h3 Qb6 19. Nb3 Bd6 20. Qc3 f6 21. hxg4 hxg4 22. Rad1 g3 23. Qd4 gxf2+ 24. Kxf2 Rfd8 25. Qxb6 axb6 26. Bd4 Rxa2+ 27. Rd2 Ra3 28. Rb1 Rc8 29. Bxb6 1-0


[Site "https://www.chess.com"]

[Event "Titled Tuesday Blitz December 27 Late 2022"]
[White "Denishev, Marat"]
[Black "Bogaudinov, Rushan"]
[WhiteFideId "24131563"]
[BlackFideId "4129288"]
[WhiteElo "2255"]
[BlackElo "1939"]
[Result "1-0"]
[Round "09"]
[TimeControl "180+2"]
[Date "2022.12.27"]
[WhiteClock "0:01:45"]
[BlackClock "0:00:11"]

1. d4 Nf6 2. Bg5 d5 3. Bxf6 exf6 4. g3 c6 5. Bg2 g6 6. e3 Bg7 7. Ne2 Bg4 8. O-O Bxe2 9. Qxe2 O-O 10. Nd2 Nd7 11. c4 dxc4 12. Nxc4 Nb6 13. Rfc1 Nxc4 14. Qxc4 Qe7 15. b4 a6 16. a4 h5 17. Qc5 Qd7 18. b5 axb5 19. axb5 Rxa1 20. Rxa1 Rc8 21. b6 Bf8 22. Qc4 Qd8 23. Qb3 Ra8 24. Ra7 Rxa7 25. bxa7 Qa8 26. Qb6 Be7 27. d5 Bd8 28. Qc5 cxd5 29. Bxd5 Kg7 30. Qd6 Bb6 31. Qxb6 Qc8 32. Bxb7 1-0


[Site "https://www.chess.com"]

[Event "Titled Tuesday Blitz December 27 Late 2022"]
[White "Diaz Herquinio, Brahian"]
[Black "Bouget, Alexandre"]
[WhiteFideId "3809480"]
[BlackFideId "681318"]
[WhiteElo "2051"]
[BlackElo "2267"]
[Result "0-1"]
[Round "09"]
[TimeControl "180+2"]
[Date "2022.12.27"]
[WhiteClock "0:00:24"]
[BlackClock "0:00:07"]

1. e4 e6 2. d4 d5 3. Nc3 Bb4 4. e5 c5 5. a3 Bxc3+ 6. bxc3 Qa5 7. h4 Qa4 8. Rb1 Nc6 9. Nf3 Nge7 10. h5 h6 11. Rh4 Nf5 12. Rf4 c4 13. g4 Nfe7 14. Nh4 b6 15. Rb2 Qxa3 16. Rxb6 Qxc3+ 17. Bd2 Qa3 18. Rb1 Bd7 19. Qf3 Qxf3 20. Rxf3 Nxd4 21. Rf4 Nxc2+ 22. Kd1 Na3 23. Ra1 Nb5 24. Bb4 Nc6 25. Bc5 Nxe5 26. Nf3 Nxf3 27. Rxf3 e5 28. Bh3 d4 29. Ra6 O-O-O 30. Rxf7 Kb7 31. Ra5 Kc6 32. Bxa7 Nc3+ 33. Ke1 Be6 34. Bg2+ Bd5 35. Rc5+ Kd6 36. Bxd5 Nxd5 37. Rxc4 Rd7 38. Bc5+ Ke6 39. Rf5 Rc8 40. f4 Nxf4 41. Rxe5+ Kxe5 42. Bxd4+ Rxd4 43. Rxc8 Nd3+ 44. Ke2 Nf4+ 45. Kf3 Ne6 46. Ra8 Rd3+ 47. Ke2 Rd4 48. Ra5+ Rd5 49. Ra6 Kf6 50. Kf3 Rd4 51. Ke3 Rxg4 52. Kf3 Rg5 53. Ke4 Rxh5 54. Kf3 Rf5+ 55. Kg4 g5 56. Rb6 Rf4+ 57. Kh5 Rh4# 0-1


[Site "https://www.chess.com"]

[Event "Titled Tuesday Blitz December 27 Late 2022"]
[White "Estrada Nieto, Julian"]
[Black "Rose, Felix"]
[WhiteFideId "5101018"]
[BlackFideId "5105722"]
[WhiteElo "2215"]
[BlackElo "2091"]
[Result "1-0"]
[Round "09"]
[TimeControl "180+2"]
[Date "2022.12.27"]
[WhiteClock "0:00:51"]
[BlackClock "0:00:01"]

1. Nf3 Nf6 2. c4 e6 3. g3 d5 4. b3 b6 5. Bb2 Bb7 6. Bg2 Be7 7. O-O O-O 8. d4 dxc4 9. bxc4 c5 10. dxc5 Bxc5 11. Nbd2 Na6 12. a3 Be7 13. Qc2 Nc5 14. Ng5 g6 15. Bxb7 Nxb7 16. Rfd1 Qc7 17. Nde4 Nxe4 18. Nxe4 e5 19. Nc3 Qxc4 20. Rd7 Rfb8 21. Rxe7 Nc5 22. Rxe5 Rd8 23. Rc1 Ne6 24. Ne4 Qxc2 25. Rxc2 Rd1+ 26. Kg2 Rad8 27. Ng5 Nxg5 28. Rxg5 h6 29. Re5 R1d7 30. Re3 1-0


[Site "https://www.chess.com"]

[Event "Titled Tuesday Blitz December 27 Late 2022"]
[White "Fernandez Guillen, Ernesto J."]
[Black "Bryakin, Mikhail"]
[WhiteFideId "3512428"]
[BlackFideId "4165314"]
[WhiteElo "2477"]
[BlackElo "2455"]
[Result "1-0"]
[Round "09"]
[TimeControl "180+2"]
[Date "2022.12.27"]
[WhiteClock "0:00:11"]
[BlackClock "0:00:08"]

1. e4 d5 2. e5 c5 3. f4 Nc6 4. Nf3 h5 5. d4 Bg4 6. dxc5 e6 7. Be3 Nh6 8. Bf2 Nf5 9. c3 f6 10. exf6 Qxf6 11. h3 Bxf3 12. Qxf3 O-O-O 13. Nd2 d4 14. Ne4 Qg6 15. O-O-O Be7 16. Bb5 Rd5 17. c4 Rd7 18. g4 Nh6 19. Bxc6 bxc6 20. Rxd4 hxg4 21. hxg4 Rhd8 22. Nd6+ Kc7 23. Rhd1 Qxg4 24. Ne8+ Kb8 25. Qb3+ Kc8 26. Qa4 Rxd4 27. Qxc6+ Kb8 28. Qc7+ Ka8 29. Rxd4 Rb8 30. Qc6+ Rb7 31. Qc8+ Rb8 32. Nc7# 1-0


[Site "https://www.chess.com"]

[Event "Titled Tuesday Blitz December 27 Late 2022"]
[White "Fernandez Hernandez, Gerardo"]
[Black "Sos Andreu, Eric"]
[WhiteFideId "2207400"]
[BlackFideId "22247017"]
[WhiteElo "2181"]
[BlackElo "2352"]
[Result "1/2-1/2"]
[Round "09"]
[TimeControl "180+2"]
[Date "2022.12.27"]
[WhiteClock "0:00:17"]
[BlackClock "0:00:05"]

1. e4 c6 2. d4 d5 3. exd5 cxd5 4. c4 Nf6 5. Nc3 Nc6 6. Bf4 a6 7. c5 Bf5 8. Nf3 g6 9. Bd3 Bxd3 10. Qxd3 Bg7 11. O-O O-O 12. a3 Re8 13. Na4 Nh5 14. Be3 e5 15. dxe5 Nxe5 16. Nxe5 Bxe5 17. Rad1 Qa5 18. Nb6 Rad8 19. b4 Qb5 20. Qxb5 axb5 21. Nxd5 Bb2 22. Rd3 Ra8 23. Nc7 Red8 24. Rb3 Rac8 25. Nxb5 Bf6 26. Nd6 Rc7 27. Rd1 Ng7 28. Rbd3 Rcd7 29. R3d2 Bc3 30. Rc2 Be5 31. Rcd2 Bc3 32. Rd3 Be5 33. a4 Nf5 34. b5 Bxd6 35. cxd6 Nxe3 36. fxe3 Ra8 37. Rd4 b6 38. e4 Kg7 39. Kf2 Kf6 40. Ke3 Ke6 41. Rd5 Rxa4 42. e5 Ra3+ 43. Ke4 Ra4+ 44. R5d4 Ra2 45. R1d3 Rxg2 46. Rf3 f5+ 47. exf6 Kf7 48. Kd5 Rc2 49. Re4 Rc5+ 50. Kd4 Rxd6+ 51. Ke3 Rc7 52. Ref4 Rc3+ 53. Ke2 Rxf3 54. Kxf3 Rxf6 55. Ke4 Rxf4+ 56. Kxf4 Kf6 57. Ke4 Ke6 58. Kd4 h6 59. h3 Kd6 60. h4 g5 61. h5 g4 62. Ke4 Kc5 63. Kf4 Kxb5 64. Kxg4 Ka4 65. Kf5 b5 66. Kg6 b4 67. Kxh6 b3 68. Kg7 b2 69. h6 b1=Q 70. h7 Qb7+ 71. Kg8 Qc8+ 72. Kg7 Qd7+ 73. Kg8 Qe8+ 74. Kg7 Qe7+ 75. Kg8 Qe6+ 76. Kg7 Qg4+ 77. Kf8 Qh5 78. Kg8 Qg6+ 79. Kh8 Qf6+ 80. Kg8 Qg5+ 81. Kf8 Qf5+ 82. Kg8 Qe6+ 83. Kg7 Qe7+ 84. Kg8 Qe6+ 1/2-1/2


[Site "https://www.chess.com"]

[Event "Titled Tuesday Blitz December 27 Late 2022"]
[White "Fishbein, Alexander"]
[Black "Garcia Cuenca, Victor"]
[WhiteFideId "2000377"]
[BlackFideId "2250829"]
[WhiteElo "2366"]
[BlackElo "2324"]
[Result "1-0"]
[Round "09"]
[TimeControl "180+2"]
[Date "2022.12.27"]
[WhiteClock "0:00:13"]
[BlackClock "0:00:02"]

1. e4 c5 2. Nf3 e6 3. d4 cxd4 4. Nxd4 Nf6 5. Nc3 d6 6. g4 h6 7. h4 Nc6 8. Bg2 h5 9. g5 Ng4 10. Nxc6 bxc6 11. Bf4 Qb6 12. Qd2 Qxb2 13. Rb1 Qa3 14. O-O Ne5 15. Rfd1 Be7 16. Rb3 Qa5 17. Bg3 Ba6 18. a4 Qc7 19. f4 Ng4 20. f5 Ne5 21. Qf2 g6 22. Bxe5 dxe5 23. fxe6 fxe6 24. Kh2 Rf8 25. Qg3 Rf4 26. Bh3 Kf7 27. Rd2 Bc5 28. Rb1 Rd8 29. Rbd1 Rxd2+ 30. Rxd2 Bd4 31. Nd1 Qa5 32. c3 Bc5 33. Rd7+ Be7 34. Qe3 Qxa4 35. Qxa7 Qc2+ 36. Bg2 Rxh4+ 37. Kg1 Qxg2+ 38. Kxg2 Rg4+ 39. Kf2 1-0


[Site "https://www.chess.com"]

[Event "Titled Tuesday Blitz December 27 Late 2022"]
[White "Gasanov, Eldar"]
[Black "Barp, Alberto"]
[WhiteFideId "14104466"]
[BlackFideId "872555"]
[WhiteElo "2481"]
[BlackElo "2432"]
[Result "0-1"]
[Round "09"]
[TimeControl "180+2"]
[Date "2022.12.27"]
[WhiteClock "0:00:17"]
[BlackClock "0:00:13"]

1. d4 d5 2. c4 e6 3. Nf3 Nf6 4. e3 c5 5. a3 a6 6. Nc3 dxc4 7. Bxc4 b5 8. Ba2 Bb7 9. O-O Nbd7 10. Qe2 Bd6 11. Rd1 Qc7 12. dxc5 Nxc5 13. b4 Ncd7 14. Bb2 Rc8 15. Rac1 Qb8 16. h3 O-O 17. Nd4 Rfd8 18. Rc2 Nb6 19. Nxe6 fxe6 20. Bxe6+ Kh8 21. Bxc8 Rxc8 22. Nxb5 Rxc2 23. Qxc2 axb5 24. Bxf6 gxf6 25. Qf5 Be5 26. f4 Qg8 27. Rd2 Nc4 28. fxe5 Nxd2 29. Qxf6+ Qg7 30. Qd8+ Qg8 31. Qxd2 Qd5 32. Qf2 Kg8 33. Qg3+ Kf7 34. Kh2 Qe4 35. Qf2+ Ke8 36. Qg3 Bd5 37. Qg7 Qg6 38. Qxg6+ hxg6 39. Kg3 Kf7 40. Kf4 Bxg2 41. h4 Ke6 42. Kg5 Be4 43. Kf4 Bb1 44. e4 Bc2 45. Ke3 Kxe5 46. Kd2 Bxe4 47. Kc3 Bf3 48. a4 bxa4 49. b5 Be2 50. b6 Bf3 51. Kb4 Bc6 52. Kc5 Bb7 53. Kb4 Kf4 54. Kxa4 Kg4 55. Kb5 Kxh4 56. Kc5 g5 0-1


[Site "https://www.chess.com"]